 Dungeon Crawl Stone Soup version 0.17-a0-1554-g3b847ca (webtiles) character file.

462 mrath the Covert (level 7, -9/46 HPs)
             Began as an Octopode Assassin on July 20, 2015.
             Shot with an arrow by a centaur (17 damage)
             ... on level 5 of the Dungeon.
             The game lasted 00:41:41 (5114 turns).

mrath the Covert (Octopode Assassin)                Turns: 5114, Time: 00:41:41

Health: -9/46      AC:  1    Str: 10    XL:     7   Next: 7%
Magic:  7/7        EV: 13    Int: 13    God:
Gold:   290        SH:  0    Dex: 16    Spells: 0 memorised, 6 levels left

rFire  . . .     SeeInvis .     b - +0 blowgun
rCold  . . .     Clarity  .     (no shield)
rNeg   . . .     SustAt   .     (helmet restricted)
rPois  .         Gourm    .     (no amulet)
rElec  .         Spirit   .     o - ring of invisibility
rCorr  .         Warding  .     (no ring)
rMut   .         Stasis   .     (no ring)
MR     .....                    (no ring)
Stlth  +++++.....               (no ring)
                                (no ring)
                                (no ring)
                                (no ring)

@: not resistant to hostile enchantments, quite stealthy
A: almost no armour, amphibious, 8 rings, constrict 8, camouflage 1, gelatinous
body 1
a: Evoke Invisibility


You were on level 5 of the Dungeon.
You were not hungry.

You visited 1 branch of the dungeon, and saw 5 of its levels.

You collected 290 gold pieces.

Inventory:

Hand weapons
 a - a +2 dagger
 b - a +0 blowgun (weapon)
 r - a +0 hunting sling
Missiles
 c - 7 poisoned needles (quivered)
 d - 2 curare-tipped needles
 e - 123 stones
 x - 81 arrows
 y - 42 sling bullets
 A - 4 tomahawks
Armour
 h - a +0 shield
Jewellery
 o - a ring of invisibility (left tentacle)
Scrolls
 g - a scroll of remove curse
 i - 2 scrolls of blinking
 j - a scroll of enchant weapon {unknown}
 k - 2 scrolls of amnesia
 l - a scroll of immolation {unknown}
 m - 3 scrolls of identify
 s - a scroll of fog {unknown}
 t - a scroll of teleportation {unknown}
 u - a scroll of fear {unknown}
 v - 2 scrolls of enchant armour {unknown}
Potions
 f - 2 potions of magic
 p - a potion of heal wounds {unknown}
 w - 2 potions of flight {unknown}
 z - a potion of brilliance
 B - a potion of curing {unknown}
 C - a potion of lignification {unknown}
Comestibles
 n - 3 meat rations
 q - a chunk of flesh
 D - a beef jerky


   Skills:
 + Level 3.4 Fighting
 + Level 3.4 Short Blades
 + Level 3.5 Throwing
 + Level 2.6 Dodging
 * Level 8.1 Stealth


You had 6 spell levels left.
You didn't know any spells.

Dungeon Overview and Level Annotations

Branches:
Dungeon (5/15)
 Temple: D:4-7

Altars:

Annotations:
D:3 Alacron's ghost, weakling DENe


Innate Abilities, Weirdness & Mutations

You cannot wear most types of armour.
You are amphibious.
You can wear up to eight rings at the same time.
You can use your tentacles to constrict eight enemies at once.
Your skin changes colour to match your surroundings (Stealth).
Your rubbery body absorbs attacks (AC +1).


Message History

You shoot a poisoned needle.
The poisoned needle barely misses the jackal.
The hobgoblin shouts!
The poisoned needle hits the hobgoblin.
The hobgoblin is poisoned.
The centaur shoots an arrow.
The arrow hits you!
The centaur shoots an arrow.
The arrow barely misses you.
The centaur shoots an arrow.
The arrow barely misses you.
The centaur shoots an arrow.
The arrow hits you!
You see here 2 arrows.
You kill the jackal!
The centaur shoots an arrow.
The arrow barely misses you.
You see here an arrow.
The centaur shoots an arrow.
The arrow barely misses you.
You feel a bit more experienced.
The centaur shoots an arrow.
The arrow hits you!
* * * LOW HITPOINT WARNING * * *
You see here an arrow.
The centaur shoots an arrow.
The arrow closely misses you.
The centaur shoots an arrow.
The arrow hits you!
You die...

##### ###### #...# .....## #...#
.<....# #...# ......########...#
.................#
......#######..(.##########
.......# #.#.@.....##.>######.
######.#### #.#.#####.c....##.<.(
.....#....###.#.# ##........###
...........#..#.# ##(....####
.[...#..........### #.c......#
.....###.....##...## ##.#.####...
##....##....###.#..###..#.#####.#
..........#.##..........#(##.().#
[......##.......#######c..(..##..


You could see a centaur.

Vanquished Creatures
  2 ogres
  Blork the orc (D:4)
  A jelly (D:5)
  An iguana (D:5)
  3 worker ants (D:4)
  4 adders
  An ooze (D:3)
  A worm (D:2)
  A giant gecko (D:1)
  A ball python (D:2)
  A giant cockroach (D:3)
  12 goblins
  5 hobgoblins
  3 kobolds (D:1)
  3 quokkas
  9 bats
  A giant gecko zombie (D:4)
  5 giant newts
  7 jackals
  6 rats
68 creatures vanquished.

Notes
Turn   | Place    | Note
--------------------------------------------------------------
     0 | D:1      | mrath the Octopode Assassin began the quest for the Orb.
     0 | D:1      | Reached XP level 1. HP: 14/14 MP: 1/1
   311 | D:1      | Reached XP level 2. HP: 19/19 MP: 2/2
   866 | D:1      | Reached XP level 3. HP: 15/24 MP: 3/3
  1457 | D:2      | Reached skill level 6 in Stealth
  2407 | D:3      | Noticed Alacron's ghost (weakling DENe)
  2767 | D:3      | Reached XP level 4. HP: 30/30 MP: 4/4
  2785 | D:3      | Noticed an ogre
  2820 | D:3      | Killed an ogre
  2820 | D:3      | Reached XP level 5. HP: 10/35 MP: 5/5
  3535 | D:4      | Noticed an ogre
  3545 | D:4      | Killed an ogre
  3545 | D:4      | Reached skill level 7 in Stealth
  3545 | D:4      | Reached XP level 6. HP: 39/41 MP: 6/6
  3562 | D:4      | Noticed Blork the orc
  3587 | D:4      | Killed Blork the orc
  4342 | D:4      | Reached skill level 8 in Stealth
  4655 | D:5      | Entered Level 5 of the Dungeon
  4962 | D:5      | Reached XP level 7. HP: 46/46 MP: 7/7
  5114 | D:5      | Shot with an arrow by a centaur

Vault maps used:
D:1:      saegor_arrival_simple_e, minmay_misc_feat_cross, serial_bayou_pond_d,
          glass_columns_c
D:2:      first_bread
D:3:      st_stairs_14
D:4:      minmay_misc_feat_diagonals, uniq_blork_the_orc

Action                   |  1- 3 |  4- 6 |  7- 9 || total
-------------------------+-------+-------+-------++-------
Melee: Dagger            |    48 |    46 |     3 ||    97
 Fire: Blowgun           |    37 |    30 |     5 ||    72
       Hunting sling     |       |     5 |       ||     5
Throw: Stone             |     1 |    14 |       ||    15
  Use: Scroll            |     5 |     1 |       ||     6
       Potion            |       |     1 |       ||     1
 Stab: Sleeping          |    15 |    14 |     1 ||    30
       Distracted        |     1 |       |       ||     1
  Eat: Bread ration      |     1 |     2 |       ||     3
       Fruit             |     1 |       |       ||     1
       Chunk             |       |     1 |       ||     1
